 Dungeon Crawl Stone Soup version 0.29-a0-330-g52719c12eb (webtiles) character file.

Game seed: 9889253922536046417

121 sking99 the Bolt Thrower (level 4, -2/40 HPs)
             Began as a Minotaur Hunter on May 23, 2022.
             Blown up by Ijyb (15 damage)
             ... with a mindburst bolt
             ... on level 3 of the Dungeon.
             The game lasted 00:03:30 (1756 turns).

sking99 the Bolt Thrower (Minotaur Hunter)          Turns: 1756, Time: 00:03:31

Health: -2/40      AC:  5    Str: 15    XL:     4   Next: 77%
Magic:  3/3        EV: 12    Int:  6    God:
Gold:   52         SH:  0    Dex: 16    Spells: 3/3 levels left

rFire   . . .      SeeInvis .   a - +1 hand crossbow
rCold   . . .      Faith    .   (no shield)
rNeg    . . .      Spirit   .   g - +0 ring mail
rPois   .          Reflect  .   (helmet restricted)
rElec   .          Harm     .   (no cloak)
rCorr   .          Rampage  .   (no gloves)
Will    .....                   (no boots)
Stlth   +.........              (no amulet)
HPRegen 0.13/turn               (no ring)
MPRegen 0.08/turn               (no ring)

@: no status effects
A: horns 2, retaliatory headbutt
a: no special abilities


You were on level 3 of the Dungeon.
You visited 1 branch of the dungeon, and saw 3 of its levels.

You collected 52 gold pieces.

Inventory:

Hand Weapons
 a - a +1 hand crossbow (weapon)
Missiles
 j - 2 throwing nets
Armour
 g - a +0 ring mail (worn)
Jewellery
 i - a ring of resist corrosion
Scrolls
 c - 2 scrolls of immolation
 d - a scroll of teleportation {unknown}
 f - 4 scrolls of identify {unknown}
 l - a scroll of magic mapping {unknown}
 n - a scroll of brand weapon {unknown}
Potions
 b - a potion of mutation {unknown}
 e - 2 potions of heal wounds {unknown}
 h - a potion of brilliance {unknown}
 k - a potion of haste {unknown}
 m - 2 potions of curing {unknown}


   Skills:
 + Level 3.6 Fighting
 * Level 5.6 Crossbows
 + Level 3.3 Dodging
 - Level 1.1 Stealth


You had 3 spell levels left.
You didn't know any spells.
Your spell library contained the following spells:

 Spells                   Type           Power      Damage    Failure   Level
 Confusing Touch          Hex            0%         N/A       96%         3
 Yara's Violent Unravell  Hex/Tmut       0%         3d3       100%        5
 Enfeeble                 Hex            0%         N/A       100%        7


Dungeon Overview and Level Annotations

Branches:
Dungeon (3/15)

Altars:
Elyvilon

Annotations:
D:3 Ijyb


Innate Abilities, Weirdness & Mutations

You have a pair of horns on your head.
You reflexively headbutt those who attack you in melee.


Message History

The worm is moderately wounded.
You shoot a bolt.
The bolt hits the worm but does no damage.
The worm is moderately wounded.
You shoot a bolt. The bolt hits the worm!
The worm is severely wounded.
You shoot a bolt. The bolt hits the worm.
The worm is almost dead.
You shoot a bolt. The bolt hits the worm.
You kill the worm!
Found 5 boomerangs.
Ijyb the Twisted Goblin comes into view.
She is wielding a +0 dagger and carrying a wand of mindburst (20).
Ijyb shouts!
Ijyb is nearby!
You shoot a bolt. The bolt hits Ijyb.
Ijyb is moderately wounded.
An orc comes into view. It is wielding a +0 morningstar.
You shoot a bolt. The orc shouts!
The bolt hits Ijyb.
Ijyb is heavily wounded.
You shoot a bolt. The bolt hits Ijyb.
Ijyb is heavily wounded.
Ijyb zaps a wand.
Your mind is blasted!
You shoot a bolt. The bolt hits Ijyb.
Ijyb is severely wounded.
Ijyb zaps a wand.
Your mind is blasted!
Ouch! That really hurt!
You are too injured to fight recklessly!
Shoot: a) +1 hand crossbow
Press: ? - help, Q - select action, (/) - cycle Shift-Dir - straight line, f/p - Ijyb
Aim: Ijyb, wielding a +0 dagger, wearing a +0 leather armour and carrying a wand of mindburst (18) (severely wounded, 59% to hit)
You shoot a bolt. The bolt barely misses Ijyb.
Shoot: a) +1 hand crossbow
Press: ? - help, Q - select action, (/) - cycle Shift-Dir - straight line, f/p - Ijyb
Aim: Ijyb, wielding a +0 dagger, wearing a +0 leather armour and carrying a wand of mindburst (18) (severely wounded, 59% to hit)
You shoot a bolt. The bolt hits Ijyb!
Ijyb is almost dead.
The orc barely misses you.
Ijyb zaps a wand.
Your mind is blasted!
You die...

.. #..... ..
#...#..
#..... ..
###.#...#
#..... ..
..#(!.....##
##..... .
#............
.......
.....≈≈≈...#
#.....
....≈≈≈≈≈..##
#.....
#..≈≈♣≈≈go.#
#####.
#..≈≈≈≈≈@..#
#####
♣...≈≈≈...♣#
.....
♣.......♣♣
.....
♣♣.....♣♣
..... ♣♣...♣♣
##...
♣♣.....♣♣
#...
♣♣.......♣♣
#...
♣...≈≈≈...♣
######...
♣♣.[≈≈≈≈≈..♣♣
#....)...


You could see Ijyb and an orc.

Vanquished Creatures
  2 adders
  4 gnolls (D:2)
  A worm (D:3)
  2 dart slugs
  5 endoplasms
  2 giant cockroaches
  7 goblins
  3 hobgoblins
  4 jackals (D:1)
  7 kobolds
  7 ball pythons
  6 bats
  3 frilled lizards
  6 rats
59 creatures vanquished.

Vanquished Creatures (others)
  7 plants (D:2)
7 creatures vanquished.

Grand Total: 66 creatures vanquished

Notes
Turn   | Place    | Note
-------+----------+-------------------------------------------
     0 | D:1      | sking99 the Minotaur Hunter began the quest for the Orb.
     0 | D:1      | Reached XP level 1. HP: 18/18 MP: 0/0
   193 | D:1      | Reached skill level 1 in Stealth
   242 | D:1      | Reached XP level 2. HP: 13/25 MP: 1/1
   608 | D:1      | Reached XP level 3. HP: 31/31 MP: 2/2
   938 | D:2      | Reached skill level 5 in Crossbows
   980 | D:2      | Reached XP level 4. HP: 38/38 MP: 3/3
  1696 | D:3      | Found a faded altar of an unknown god.
  1720 | D:3      | Found a white marble altar of Elyvilon.
  1750 | D:3      | Noticed Ijyb
  1756 | D:3      | Blown up by Ijyb

Illustrated notes

Levels and vault maps discovered:
D:1:      evilmike_arrival_rings, layout_loops_cross
D:2:      layout_basic, nicolae_grassy_gnolls
D:3:      layout_basic, elyvilon_altar_3, basic_ecumenical_altar, uniq_ijyb

Skill      XL: |  1  2  3 |
---------------+----------+-----
Stealth        | 1 |  1.1
Fighting       | 3 |  3.6
Crossbows      | 5 |  5.6
Dodging        | 3 |  3.3

Action                   |  1- 3 |  4- 6 || total
-------------------------+-------+-------++-------
 Fire: Hand crossbow     |    82 |    56 ||   138
Armor: Ring mail         |     2 |     7 ||     9
Dodge: Dodged            |    14 |     7 ||    21

Table legend: (Time is in decaauts)
 A = Elapsed time spent in this place.
 B = Non-inter-level travel time spent in this place.
 C = Inter-level travel time spent in this place.
 D = Time resting spent in this place.
 E = Time spent auto-exploring this place.
 F = Levels seen in this place.
 G = Mean time per level.
                   A        B        C        D        E       F      G
               +--------+--------+--------+--------+--------+-----+--------+
         Total |   1803 |   1689 |    114 |    153 |   1157 |   3 |  601.0 |
       Dungeon |   1803 |   1689 |    114 |    153 |   1157 |   3 |  601.0 |
               +--------+--------+--------+--------+--------+-----+--------+

Top non-repeatable levels by time:
     D:1: 871 daAuts
     D:2: 786 daAuts
     D:3: 145 daAuts
